 Dungeon Crawl Stone Soup version 0.27-a0-323-gbd089401bb (webtiles) character file.

Game seed: 17064341307722505385

91 dickylongcocking the Skirmisher (level 4, 0/34 HPs)
             Began as an Octopode Abyssal Knight on Feb 11, 2021.
             Was a Believer of Lugonu.
             Slain by an adder (5 damage)
             ... on level 4 of the Dungeon.
             The game lasted 00:02:08 (3012 turns).

dickylongcocking the Skirmisher (OpAK)              Turns: 3012, Time: 00:02:08

Health: 0/34       AC:  1    Str: 17    XL:     4   Next: 57%
Magic:  5/5        EV: 13    Int: 14    God:    Lugonu [**....]
Gold:   126        SH:  0    Dex: 12    Spells: 3/3 levels left

rFire    . . .     SeeInvis .   h - +0 whip (elec)
rCold    . . .     Faith    .   (no shield)
rNeg     . . .     Spirit   .   (helmet restricted)
rPois    .         Reflect  .   n - amulet of magic regeneration
rElec    .         Harm     .   k - +6 ring of strength
rCorr    .         Rampage  .   (no ring)
Will     .....                  (no ring)
Stlth    ++........             (no ring)
HPRegen  0.11/turn              (no ring)
MPRegen  0.34/turn              (no ring)
                                (no ring)
                                (no ring)

@: no status effects
A: almost no armour, stealthy swim, amphibious, 8 rings, constrict 8, camouflage
1, gelatinous body 1
a: Renounce Religion, Depart the Abyss, Bend Space


You were on level 4 of the Dungeon.
You worshipped Lugonu.
Lugonu was pleased with you.
You visited 1 branch of the dungeon, and saw 4 of its levels.
You visited the Abyss 1 time.

You collected 126 gold pieces.

Inventory:

Hand Weapons
 a - a +1 short sword
 h - a +0 whip of electrocution (weapon)
Jewellery
 k - a +6 ring of strength (left tentacle)
 n - an amulet of magic regeneration (around mantle)
Scrolls
 c - 8 scrolls of identify
 d - a scroll of random uselessness
 i - a scroll of blinking {unknown}
 m - 2 scrolls of amnesia {unknown}
 o - a scroll of teleportation {unknown}
Potions
 b - 6 potions of curing {unknown}
 e - a potion of mutation {unknown}
 f - a potion of haste {unknown}
 g - a potion of degeneration {unknown}
 j - a potion of attraction {unknown}
 l - a potion of magic {unknown}


   Skills:
 * Level 4.6 Fighting
 - Level 2.0 Short Blades
 * Level 1.1 Maces & Flails
 - Level 2.5 Dodging
 + Level 0.4 Stealth
 - Level 2.3 Invocations


You had 3 spell levels left.
You didn't know any spells.
Your spell library was empty.

Dungeon Overview and Level Annotations

Branches:
Dungeon (4/15)
 Temple: D:4-7

Altars:


Innate Abilities, Weirdness & Mutations

You cannot wear most types of armour.
You are very stealthy in the water. (Stealth+)
You are amphibious.
You can wear up to eight rings at the same time.
You can use your tentacles to constrict eight enemies at once.
Your skin changes colour to match your surroundings (Stealth+).
Your rubbery body absorbs attacks. (AC +1, EV +1)


Message History

* * * LOW HITPOINT WARNING * * *
The adder bites you.
* * * LOW HITPOINT WARNING * * *
As you read the scroll labelled ECYOT CISI, it crumbles to dust.
The creatures around you are filled with an inner flame!
It was a scroll of immolation.
The hobgoblin closely misses you. The orc misses you.
The hobgoblin closely misses you. The adder bites you.
* * * LOW HITPOINT WARNING * * *
Unknown command.
Okay, then.
As you read the scroll labelled OFAIMICAFI, it crumbles to dust.
You assume a fearsome visage.
The hobgoblin looks frightened!
The adder looks frightened!
The ball python looks frightened!
The hobgoblin looks frightened!
The orc looks frightened! x2
The orc priest looks frightened! x2; It was a scroll of fear.
The hobgoblin howls in fear.
The hobgoblin gives up.
The orc priest prays for help.
Unknown command.
Unknown command.
Found a scroll labelled XOELACK WOCW.
There is a stone staircase leading down here.
You climb downwards.
Found a viscous grey potion and 12 gold pieces.
There is a stone staircase leading up here.
Found a quarterstaff.
e - a viscous grey potion;
f - a lumpy yellow potion You start resting.
An adder comes into view.
An adder is nearby!
You are too injured to fight recklessly!
The adder hisses angrily.
The adder bites you.
* * * LOW HITPOINT WARNING * * *
You are too injured to fight recklessly!
You are too injured to fight recklessly!
You hit the adder. You grab the adder.
The adder is moderately wounded.
You constrict the adder. The adder bites you.
You die...

........ ......
...... .. ...)#
.## ...
#...##..#
...###$..#...##
.....#.S.#.....
.......@......#
...............
..#........#...
..#......### .
.......<...#
.....##....#
.##.. ##...#
.... ..## #...
###


You could see an adder.

Vanquished Creatures
  2 adders (D:2)
  A worm (D:2)
  A dart slug (D:2)
  A leopard gecko (D:2)
  11 bats
  A giant cockroach (D:2)
  5 goblins
  7 hobgoblins
  8 jackals
  8 kobolds
  2 quokkas
  6 frilled lizards
  10 rats
63 creatures vanquished.

Notes
Turn   | Place    | Note
-------+----------+-------------------------------------------
     0 | Abyss:1  | dickylongcocking the Octopode Abyssal Knight began the
                  | quest for the Orb.
     0 | Abyss:1  | Reached XP level 1. HP: 16/16 MP: 2/2
    48 | Abyss:1  | Noticed a small abomination
    51 | Abyss:1  | Noticed an ice beast
    54 | D:1      | Escaped the Abyss
   481 | D:1      | Reached XP level 2. HP: 21/21 MP: 3/3
   668 | D:1      | Reached * piety under Lugonu
  1316 | D:2      | Reached XP level 3. HP: 27/27 MP: 4/4
  1485 | D:2      | Reached skill level 4 in Fighting
  1901 | D:2      | Reached XP level 4. HP: 15/34 MP: 5/5
  2596 | D:3      | Found a faded altar of an unknown god.
  2601 | D:3      | Reached skill level 1 in Maces & Flails
  2612 | D:3      | Reached ** piety under Lugonu
  3012 | D:4      | Slain by an adder

Illustrated notes

Levels and vault maps discovered:
D:1:      dpeg_arrival_boxes_within_box, layout_loops_ring
D:2:      layout_loops_ring
D:3:      layout_basic, chequers_ecumenical_altar_simple_redux
D:4:      layout_cave_pools

Skill      XL: |  1  2  3  4 |
---------------+-------------+-----
Fighting       | 4 |  4.6
Maces & Flails | 1 |  1.1
Short Blades   | |  2.0
Dodging        | |  2.5
Stealth        | |  0.4
Invocations    | |  2.3

Action                   |  1- 3 |  4- 6 || total
-------------------------+-------+-------++-------
Melee: Short sword       |    38 |       ||    38
       Constrict         |    23 |    17 ||    40
       Tentacles         |     5 |    10 ||    15
       Whip              |    45 |    47 ||    92
Invok: Depart the Abyss  |     1 |       ||     1
  Use: Scroll            |       |     3 ||     3
 Stab: Sleeping          |     4 |       ||     4
Armor: Skin              |    13 |     4 ||    17
Dodge: Dodged            |    60 |    43 ||   103

Table legend: (Time is in decaauts)
 A = Elapsed time spent in this place.
 B = Non-inter-level travel time spent in this place.
 C = Inter-level travel time spent in this place.
 D = Time resting spent in this place.
 E = Time spent auto-exploring this place.
 F = Levels seen in this place.
 G = Mean time per level.
                   A        B        C        D        E       F      G
               +--------+--------+--------+--------+--------+-----+--------+
         Total |   3016 |   2860 |    156 |     55 |   2404 |   5 |  603.2 |
       Dungeon |   2962 |   2806 |    156 |     55 |   2356 |   4 |  740.5 |
         Abyss |     54 |     54 |      0 |      0 |     48 |   1 |   54.0 |
               +--------+--------+--------+--------+--------+-----+--------+

Top non-repeatable levels by time:
     D:2: 1297 daAuts
     D:1: 1221 daAuts
     D:3: 393 daAuts
 Abyss:1: 54 daAuts
     D:4: 50 daAuts
